 Dungeon Crawl Stone Soup version 0.25-a0-294-gea9b1ad378 (webtiles) character file.

Game seed: 5734363214758662198, levelgen mode: classic

6962 Borgoz the Slicer (level 11, -8/106 HPs)
             Began as a Kobold Gladiator on Dec 16, 2019.
             Was an Initiate of Ashenzari.
             Mangled by a two-headed ogre
             ... wielding a +0 giant spiked club
              (24 damage)
             ... on level 9 of the Dungeon.
             The game lasted 00:19:32 (10608 turns).

Borgoz the Slicer (Kobold Gladiator)               Turns: 10608, Time: 00:19:32

Health: -8/106     AC:  8    Str: 18    XL:     11   Next: 28%
Magic:  14/14      EV: 26    Int:  9    God:    Ashenzari [......]
Gold:   406        SH:  6    Dex: 19    Spells: 10/10 levels left

rFire    . . .     SeeInvis .   b - +1 short sword (venom)
rCold    + . .     Gourm    .   s - +0 buckler
rNeg     . . .     Faith    .   F - +2 leather armour {rC+}
rPois    .         Spirit   .   c - +0 helmet
rElec    .         Reflect  .   I - +0 cloak
rCorr    .         Harm     .   (no gloves)
MR       .....                  (no boots)
Stlth    ..........             l - amulet of rage
HPRegen  0.27/turn              t - +3 ring of evasion
MPRegen  0.14/turn              v - ring of stealth

@: berserking, very quick
A: small, carnivore
a: Curse Item, Renounce Religion, Evoke Berserk Rage


You were on level 9 of the Dungeon.
You worshipped Ashenzari.
Ashenzari was noncommittal.
You were very full.

You visited 2 branches of the dungeon, and saw 10 of its levels.
You also visited: Sewer.

You collected 406 gold pieces.

Inventory:

Hand Weapons
 a - a +0 rapier
 b - a +1 short sword of venom (weapon)
 k - a +0 short sword of holy wrath
Missiles
 d - a throwing net (quivered)
Armour
 c - a +0 helmet (worn)
 s - a +0 buckler (worn)
 F - a +2 leather armour of cold resistance (worn)
 I - a +0 cloak (worn)
Jewellery
 l - an amulet of rage (around neck)
 r - an uncursed ring of protection from cold
 t - a +3 ring of evasion (left hand)
 u - an uncursed ring of ice
 v - a ring of stealth (right hand)
 y - the ring "Ogeng" {rC++ rN+ Int-4 Dex+8}
   (You found it on level 7 of the Dungeon)

   [ring of positive energy]

   It affects your intelligence (-4).
   It affects your dexterity (+8).
   It greatly protects you from cold.
   It protects you from negative energy.
 A - an uncursed amulet of faith
Wands
 o - a wand of random effects (12)
Scrolls
 e - 2 scrolls of teleportation
 g - a scroll of magic mapping
 i - 2 scrolls of fog {unknown}
 q - 3 scrolls of enchant weapon
 x - a scroll of fear
 C - 2 scrolls of identify
 E - a scroll of amnesia
Potions
 h - 5 potions of flight
 j - 3 potions of agility
 m - a potion of might
 n - 5 potions of heal wounds
 p - 4 potions of lignification
 w - a potion of haste
 z - a potion of mutation
 B - a potion of curing
 D - a potion of berserk rage
Comestibles
 f - 18 rations


   Skills:
 * Level 9.2 Fighting
 * Level 11.2 Short Blades
 - Level 2.1 Throwing
 + Level 4.6 Armour
 * Level 10.4 Dodging
 - Level 5.0 Stealth
 + Level 2.6 Shields
 - Level 5.0 Evocations


You had 10 spell levels left.
You didn't know any spells.
Your spell library was empty.

Dungeon Overview and Level Annotations

Branches:
Dungeon (9/15)             Temple (1/1) D:5           Sewer (visited)
   Lair: D:8-11         Orc: D:9-12

Altars:
Ashenzari
Cheibriados
Dithmenos
Elyvilon
Fedhas
Gozag
Hepliaklqana
Kikubaaqudgha
Makhleb
Nemelex Xobeh
Okawaru
Qazlal
Ru
Sif Muna
Trog
Uskayaw
Vehumet
Wu Jian
Xom
Yredelemnul
Zin
The Shining One

Shops:
D:8 }


Innate Abilities, Weirdness & Mutations

You are small and have problems with some larger weapons.
You are carnivorous and can eat meat at any time.


Message History

The hippogriff looks as sick as possible!
The hippogriff is lightly wounded.
The hippogriff misses you. x2; The hippogriff completely misses you.
Okay, then.
A red film seems to cover your vision as you go berserk!
You feel yourself moving faster!
You feel mighty!
You feel a lot less full. The hippogriff misses you.
The hippogriff completely misses you. The hippogriff claws you!
* * * LOW HITPOINT WARNING * * *
The orc priest completely misses you.
You puncture the hippogriff!
The hippogriff looks as sick as possible!
The hippogriff is severely wounded.
You puncture the hippogriff!
The hippogriff is almost dead.
You kill the hippogriff!
The orc priest hits you with a +0 trident.
* * * LOW HITPOINT WARNING * * *
The two-headed ogre hits you with a +0 giant spiked club!!
You die...

#.#.##...#
##.#.##...#########
+..................
##.#.##.###########
#.#.##.###########
#.#.......#.......
#.#.##.##.#!.....#
#.####.##(#.o.....
#.# #.##@#)......
#.# #.#.Oo)...# #.#
#.#..))...# #.#
#.#..$....# #<#
#.#.......# ###
#.<.....# #.......#
####+####


You could see a two-headed ogre and an orc priest.

Vanquished Creatures
  A two-headed ogre (D:7)
  Pikel (D:6)
  A queen bee (D:8)
  The ghost of Borgoz the Shield-Bearer, an amateur HaFi (D:3)
  2 hippogriffs
  Sigmund (D:6)
  A wyvern (D:8)
  A hungry ghost (D:7)
  A yak (D:8)
  Menkaure (D:7)
  5 phantoms
  Duvessa (D:6)
  3 orc warriors
  4 slaves (D:6)
  2 ice beasts (D:8)
  4 ogres
  6 centaurs
  A big kobold (Sewer)
  7 bullfrogs
  Dowan (D:6)
  19 killer bees
  6 scorpions
  A howler monkey (D:6)
  Crazy Yiuf (D:6)
  A jelly (D:5)
  4 orc wizards
  A centaur skeleton (D:4)
  4 hounds
  3 iguanas (D:8)
  5 worker ants
  2 hound skeletons
  A worker ant zombie (D:8)
  4 gnolls
  8 adders
  2 river rats (Sewer)
  4 shadow imps
  2 oozes
  3 adder skeletons
  2 worms (D:4)
  4 dart slugs
  4 leopard geckos
  28 orcs
  7 bats
  8 giant cockroaches
  11 goblins
  7 hobgoblins
  20 jackals
  15 kobolds
  A quokka (D:6)
  2 ball pythons
  3 frilled lizards
  A jackal zombie (D:8)
  A leopard gecko skeleton (D:4)
  A quokka skeleton (D:3)
  14 rats
245 creatures vanquished.

Notes
Turn   | Place    | Note
-------+----------+-------------------------------------------
     0 | D:1      | Borgoz the Kobold Gladiator began the quest for the Orb.
     0 | D:1      | Reached XP level 1. HP: 12/12 MP: 1/1
    31 | D:1      | Reached XP level 2. HP: 10/18 MP: 2/2
   284 | D:1      | Reached XP level 3. HP: 20/22 MP: 3/3
   325 | D:1      | Reached skill level 1 in Stealth
   796 | D:2      | Reached XP level 4. HP: 27/27 MP: 4/4
   891 | D:2      | Reached skill level 1 in Armour
  1302 | D:2      | Reached skill level 5 in Short Blades
  1308 | D:2      | Reached XP level 5. HP: 32/32 MP: 5/5
  1715 | D:3      | Found a glowing silver altar of Zin.
  2594 | D:3      | Found a runed translucent door.
  2594 | D:3      | Noticed Borgoz's ghost (amateur HaFi)
  2821 | D:4      | Reached XP level 6. HP: 37/37 MP: 6/6
  2985 | D:4      | Noticed an ogre
  3002 | D:4      | Killed an ogre
  3002 | D:4      | Reached skill level 5 in Dodging
  3002 | D:4      | Reached skill level 1 in Evocations
  3319 | D:4      | Reached XP level 7. HP: 34/43 MP: 6/8
  3727 | D:5      | Entered Level 5 of the Dungeon
  3745 | D:5      | Reached skill level 6 in Short Blades
  3844 | D:5      | You fall into a shaft and drop 3 floors!
  3855 | D:8      | Noticed a two-headed ogre
  3871 | D:7      | Killed a two-headed ogre
  3871 | D:7      | Reached skill level 5 in Fighting
  3871 | D:7      | Reached skill level 7 in Short Blades
  3871 | D:7      | Reached XP level 8. HP: 13/50 MP: 8/10
  4190 | D:7      | Found a hazy altar of Hepliaklqana.
  4308 | D:7      | Reached XP level 9. HP: 52/55 MP: 11/11
  4377 | D:7      | Got a transparent wooden ring
  4413 | D:7      | Noticed Menkaure
  4416 | D:7      | Reached skill level 8 in Short Blades
  4416 | D:7      | Reached skill level 5 in Stealth
  4424 | D:7      | Killed Menkaure
  4567 | D:7      | Found a sparkling altar of Nemelex Xobeh.
  4987 | D:6      | Identified the ring "Ogeng" {rC++ rN+ Int-4 Dex+8} (You
                  | found it on level 7 of the Dungeon)
  4994 | D:6      | Found a hide-covered altar of Uskayaw.
  5037 | D:6      | Found a glowing drain.
  5114 | Sewer    | Entered a sewer
  5382 | Sewer    | Found a white marble altar of Elyvilon.
  5589 | D:6      | Noticed Sigmund
  5594 | D:6      | Killed Sigmund
  5594 | D:6      | Reached skill level 9 in Short Blades
  5737 | D:3      | Found a sparkling altar of Nemelex Xobeh.
  5847 | D:3      | Killed Borgoz's ghost
  5847 | D:3      | Reached XP level 10. HP: 63/63 MP: 13/13
  6094 | D:5      | You fall into a shaft and drop 1 floor!
  6156 | D:5      | Found an iron altar of Okawaru.
  6267 | D:5      | Found a staircase to the Ecumenical Temple.
  6306 | Temple   | Entered the Ecumenical Temple
  6417 | Temple   | Became a worshipper of Ashenzari the Shackled
  6868 | D:6      | Noticed Duvessa
  6868 | D:6      | Noticed Dowan
  6886 | D:6      | Killed Dowan
  6901 | D:6      | Killed Duvessa
  7195 | D:6      | Found a runed translucent door.
  7196 | D:6      | Noticed Crazy Yiuf
  7210 | D:6      | Killed Crazy Yiuf
  7345 | D:6      | Noticed Pikel
  7992 | D:6      | Reached skill level 5 in Evocations
  8262 | D:6      | Killed Pikel
  8262 | D:6      | Reached skill level 1 in Shields
  8746 | D:8      | Reached skill level 10 in Short Blades
  8763 | D:8      | Found a glowing silver altar of Zin.
  9209 | D:8      | Found Qulus's Gadget Emporium.
  9412 | D:8      | Reached XP level 11. HP: 20/69 MP: 14/14
  9441 | D:8      | Reached skill level 10 in Dodging
  9948 | D:8      | Reached skill level 11 in Short Blades
 10584 | D:9      | Noticed a two-headed ogre
 10608 | D:9      | Mangled by a two-headed ogre

Levels and vault maps discovered:
D:1:      grunt_arrival_crossed_arrows, layout_rooms,
          minmay_misc_feat_four_crosses, hex_tiny, minmay_misc_feat_alley,
          minmay_cupped
D:2:      layout_rooms, serial_curves, eino_curves_04, eino_curves_02,
          eino_curves_02, eino_curves_02, kennysheep_generic_room_11
D:3:      layout_rooms, nicolae_overflow_hidden_temple, zin_academy,
          ebering_ghost_inner_flame, corexii_leaking_fountain
D:4:      layout_cave_pods, first_ration
D:5:      layout_basic, minmay_temple_entry_ruins, okawaru_metal_pillars_1_2
D:6:      layout_cave_pods, nicolae_overflow_crystal_walls,
          cheibrodos_sewer_entry_drain, chequers_serial_rivers_small_3,
          uniq_crazy_yiuf_cottage, uniq_pikel, uniq_duvessa, uniq_sigmund
D:7:      layout_loops_ring, lemuel_coloured_pillars_altar, basic_altar,
          uniq_menkaure
D:8:      cheibrodos_ideogram_h, layout_loops_ring, basic_altar, serial_shops,
          shop, david_nohive_1, minmay_diced_spiral
D:9:      layout_basic
Temple:   compressed_dpeg_circular_temple

Skill      XL: |  1  2  3  4  5  6  7  8  9 10 11 |
---------------+----------------------------------+-----
Dodging        | 4 5 6 7 8 9 10 | 10.4
Stealth        | 1 2 4 5 |  5.0
Fighting       | 3 4 5 7 8 9 |  9.2
Armour         | 1 2 3 4 |  4.6
Short Blades   | 5 7 9 10 11 | 11.2
Evocations     | 1 3 4 5 |  5.0
Shields        | 2 |  2.6
Throwing       | |  2.1

Action                   |  1- 3 |  4- 6 |  7- 9 | 10-12 || total
-------------------------+-------+-------+-------+-------++-------
Melee: Rapier            |    85 |       |       |       ||    85
       Short sword       |    15 |   199 |   263 |   562 ||  1039
Throw: Throwing net      |       |       |     1 |     1 ||     2
 Abil: Evoke Berserk Rag |       |       |     1 |     2 ||     3
  Use: Scroll            |     3 |     3 |     4 |    15 ||    25
       Potion            |       |       |     1 |     2 ||     3
 Stab: Sleeping          |     4 |     1 |    13 |    10 ||    28
       Held in net/web   |       |       |     1 |       ||     1
       Distracted        |       |       |     1 |     4 ||     5
  Eat: Chunk             |     6 |    10 |    15 |    16 ||    47
Armor: Leather armour    |    10 |    32 |    22 |    38 ||   102
       Skin              |       |       |       |    41 ||    41
Dodge: Dodged            |    74 |   166 |   205 |   395 ||   840
Block: Buckler           |       |       |       |   111 ||   111

Table legend:
 A = Non-vault XP
 B = Vault XP
 C = Vault XP percentage of total XP
 D = Non-vault monster count
 E = Vault monster count
 F = Vault count percentage of total count
                 A         B        C        D         E       F
            +---------+---------+-------+---------+---------+-------
      Total |    5437 |    4510 |  45.3 |     180 |      61 |  25.3
            +---------+---------+-------+---------+---------+-------
        D:1 |      52 |       6 |  10.3 |      29 |       3 |   9.4
        D:2 |     119 |       7 |   5.6 |      27 |       1 |   3.6
        D:3 |      80 |     324 |  80.2 |      21 |       2 |   8.7
        D:4 |     280 |       0 |   0.0 |      12 |       0 |   0.0
        D:5 |     401 |       0 |   0.0 |      11 |       0 |   0.0
        D:6 |     714 |    1114 |  60.9 |      18 |       7 |  28.0
        D:7 |    2030 |     169 |   7.7 |      28 |       1 |   3.4
        D:8 |    1280 |    2759 |  68.3 |      26 |      36 |  58.1
        D:9 |     481 |       0 |   0.0 |       8 |       0 |   0.0
      Sewer |       0 |     131 | 100.0 |       0 |      11 | 100.0
            +---------+---------+-------+---------+---------+-------
